 Dungeon Crawl Stone Soup version 0.22.1-1-ga44c0e5 (webtiles) character file.

2851 Singol the Carver (level 9, 0/83 HPs)
             Began as a Minotaur Fighter on Oct 30, 2018.
             Succumbed to a killer bee's poison
             ... on level 7 of the Dungeon.
             The game lasted 00:49:55 (8192 turns).

Singol the Carver (Minotaur Fighter)                Turns: 8192, Time: 00:49:55

Health: 0/83       AC: 12    Str: 28    XL:     9   Next: 46%
Magic:  8/8        EV:  6    Int:  6    God:
Gold:   384        SH: 10    Dex: 10    Spells: 8/8 levels left

rFire    . . .     SeeInvis .   a - +0 long sword
rCold    . . .     Gourm    .   c - +0 shield
rNeg     . . .     Faith    .   C - +0 chain mail
rPois    .         Spirit   .   (helmet restricted)
rElec    .         Reflect  .   s - +0 cloak
rCorr    .         Harm     .   (no gloves)
MR       .....                  (no boots)
Stlth    ..........             I - amulet of magic regeneration
HPRegen  0.23/turn              m - ring of flight
MPRegen  0.36/turn              (no ring)

@: mighty, lethally poisoned (0 -> -4), flying, drained
A: retaliatory headbutt, horns 2
a: no special abilities


You were on level 7 of the Dungeon.
You were not hungry.

You visited 2 branches of the dungeon, and saw 8 of its levels.

You collected 384 gold pieces.

Inventory:

Hand Weapons
 a - a +0 long sword (weapon)
 r - a +1 flail of protection
 A - a +0 scythe
 G - a +1 flail of holy wrath
Missiles
 j - 4 javelins of penetration (quivered)
Armour
 c - a +0 shield (worn)
 s - a +0 cloak (worn)
 C - a +0 chain mail (worn)
Jewellery
 l - an uncursed amulet of harm
 m - a ring of flight (left hand)
 I - an amulet of magic regeneration (around neck)
Wands
 w - a wand of digging (11)
 x - a wand of flame (42)
 z - a wand of polymorph (27)
 B - a wand of paralysis (17)
Scrolls
 e - 8 scrolls of identify {unknown}
 k - 9 scrolls of remove curse {unknown}
 n - 2 scrolls of magic mapping {unknown}
 o - 2 scrolls of enchant armour {unknown}
 p - a scroll of random uselessness {unknown}
 q - 4 scrolls of teleportation {unknown}
 v - a scroll of noise {unknown}
 y - a scroll of amnesia {unknown}
 F - 4 scrolls of enchant weapon {unknown}
 H - a scroll of immolation {unknown}
Potions
 b - a potion of resistance {unknown}
 d - 2 potions of might
 g - 3 potions of curing {unknown}
 h - a potion of ambrosia {unknown}
 i - a potion of haste {unknown}
 u - 2 potions of mutation {unknown}
 D - a potion of agility
Comestibles
 f - 8 rations


   Skills:
 * Level 9.2(9.1) Fighting
 * Level 10.7(10.6) Long Blades
 + Level 8.5(8.4) Armour
 - Level 0.2(0.1) Dodging
 - Level 4.2 Shields


You had 8 spell levels left.
You didn't know any spells.
Your spell library contained the following spells:

 Spells                   Type           Power        Failure   Level  Hunger
 Animate Skeleton         Necr           N/A          100%        1    ##.....
 Apportation              Tloc           #.....       100%        1    ##.....
 Confusing Touch          Hex            #.....       100%        1    ##.....
 Summon Small Mammal      Summ           #...         100%        1    ##.....
 Confuse                  Hex            #.......     100%        3    ####...
 Gell's Gravitas          Tloc           #.........   100%        3    ####...
 Petrify                  Tmut/Erth      #.......     100%        4    #####..
 Metabolic Englaciation   Hex/Ice        #.........   100%        5    ######.
 Yara's Violent Unravell  Hex/Tmut       #.........   100%        5    ######.


Dungeon Overview and Level Annotations

Branches:
Dungeon (7/15)             Temple (1/1) D:5

Altars:
Ashenzari
Cheibriados
Dithmenos
Elyvilon
Fedhas
Gozag
Hepliaklqana
Kikubaaqudgha
Makhleb
Nemelex Xobeh
Qazlal
Sif Muna
Trog
Uskayaw
Wu Jian
Xom
Yredelemnul
Zin
The Shining One

Shops:
D:5 :


Innate Abilities, Weirdness & Mutations

You reflexively headbutt those who attack you in melee.
You have a pair of horns on your head.


Message History

You feel sick. You block the killer bee's attack.
* * * LOW HITPOINT WARNING * * *
You feel sick.
The killer bee stings you but does no damage.
The killer bee barely misses you.
* * * LOW HITPOINT WARNING * * *
You feel sick. The killer bee stings you.
* * * LOW HITPOINT WARNING * * *
It was a potion of flight.
You feel very buoyant.
You fly up into the air.
You block the killer bee's attack. The killer bee barely misses you.
You furiously retaliate!
You headbutt the killer bee.
You feel very mighty all of a sudden.
* * * LOW HITPOINT WARNING * * *
You feel sick. You block the killer bee's attack. x2
* * * LOW HITPOINT WARNING * * *
You feel sick.
The killer bee stings you but does no damage.
You die...

#.# ##### #.#'##### #.# #...#
#.......# #.# #.#.#########
#.......# #.# #...........#
#.......# ..# #...........#
#.#'##### #.## #...........#
#.#.# # ...# #.......)...# #.#.#
..#
##.###.#'###########.#.#####....#
................@.yy......†......
##..####.##.########.#.#####....#
##.# #.##.# #.#.# ..# #.. #.##.#
#.#.# # ##.# #.##.# #.#.# ..
#.##.# #.#.### #.##.##.# #.....#
.##.##.# #.....# #.....#


You could see 2 killer bees.

Vanquished Creatures
  A hippogriff (D:7)
  Sigmund (D:4)
  A hungry ghost (D:7)
  An orc warrior (D:5)
  2 ice beasts
  2 sky beasts
  A black bear (D:6)
  A phantom (D:7)
  2 ogres
  2 centaurs
  3 bullfrogs
  A scorpion (D:5)
  4 killer bees (D:7)
  A crimson imp (D:5)
  A centaur skeleton (D:5)
  4 hounds
  12 orc wizards
  A bullfrog skeleton (D:5)
  4 orc priests
  An iguana (D:6)
  5 worker ants
  A hound zombie (D:6)
  A worker ant zombie (D:6)
  A howler monkey zombie (D:7)
  3 gnolls (D:7)
  6 adders
  3 worms
  An adder zombie (D:5)
  A dart slug (D:1)
  3 leopard geckos
  18 orcs
  A ball python (D:4)
  6 giant cockroaches
  8 hobgoblins
  10 jackals
  6 kobolds
  4 quokkas
  3 bats (D:2)
  4 frilled lizards
  3 goblins
  A leopard gecko skeleton (D:4)
  A leopard gecko zombie (D:5)
  4 rats
140 creatures vanquished.

Notes
Turn   | Place    | Note
-------+----------+-------------------------------------------
     0 | D:1      | Singol the Minotaur Fighter began the quest for the Orb.
     0 | D:1      | Reached XP level 1. HP: 19/19 MP: 0/0
   645 | D:1      | Reached XP level 2. HP: 27/27 MP: 1/1
  1119 | D:2      | Found a glowing golden altar of the Shining One.
  1119 | D:2      | Found a white marble altar of Elyvilon.
  1119 | D:2      | Found a glowing silver altar of Zin.
  1300 | D:2      | Reached XP level 3. HP: 33/33 MP: 2/2
  1594 | D:2      | Reached skill level 3 in Long Blades
  1703 | D:2      | Found a stormy altar of Qazlal.
  2306 | D:3      | Reached XP level 4. HP: 38/41 MP: 3/3
  2548 | D:3      | Noticed an ogre
  2560 | D:3      | Killed an ogre
  2560 | D:3      | Reached skill level 4 in Long Blades
  2560 | D:3      | Reached XP level 5. HP: 33/47 MP: 4/4
  2739 | D:3      | Found a shadowy altar of Dithmenos.
  3239 | D:4      | Reached skill level 5 in Fighting
  3436 | D:4      | Found a hazy altar of Hepliaklqana.
  3448 | D:4      | Reached skill level 5 in Armour
  3453 | D:4      | Reached skill level 5 in Long Blades
  3475 | D:4      | Reached XP level 6. HP: 55/56 MP: 5/5
  3683 | D:4      | Noticed Sigmund
  3720 | D:4      | Killed Sigmund
  3914 | D:4      | Reached skill level 6 in Long Blades
  4127 | D:4      | Found a sparkling altar of Nemelex Xobeh.
  4127 | D:4      | Found an opulent altar of Gozag.
  4264 | D:5      | Entered Level 5 of the Dungeon
  4273 | D:5      | Noticed an ice beast
  4281 | D:5      | Killed an ice beast
  4281 | D:5      | Reached XP level 7. HP: 43/62 MP: 6/6
  4637 | D:5      | Reached skill level 7 in Long Blades
  4751 | D:5      | Found a staircase to the Ecumenical Temple.
  4771 | Temple   | Entered the Ecumenical Temple
  5133 | D:5      | Found Reakukhliown's Book Boutique.
  5415 | D:5      | Reached XP level 8. HP: 50/71 MP: 7/7
  5780 | D:5      | Reached skill level 8 in Long Blades
  6396 | D:5      | Reached skill level 9 in Long Blades
  7114 | D:6      | Reached XP level 9. HP: 65/81 MP: 8/8
  7394 | D:6      | Reached skill level 10 in Long Blades
  7470 | D:6      | Found a snail-covered altar of Cheibriados.
  8188 | D:7      | HP: 4/83 [poisoned by a killer bee]
  8190 | D:7      | HP: 1/83 [poisoned by a killer bee]
  8192 | D:7      | Succumbed to a killer bee's poison

Skill      XL: |  1  2  3  4  5  6  7  8  9 |
---------------+----------------------------+-----
Shields        | 4 |  4.2
Armour         | 4 5 6 7 8 |  8.5
Fighting       | 4 5 6 8 9 |  9.2
Long Blades    | 3 4 5 6 7 9 10 | 10.7
Dodging        | |  0.2

Action                   |  1- 3 |  4- 6 |  7- 9 || total
-------------------------+-------+-------+-------++-------
Melee: Long sword        |    72 |    71 |   278 ||   421
       Headbutt          |    10 |    15 |    55 ||    80
       Unarmed           |       |     1 |       ||     1
Evoke: Wand              |       |     1 |       ||     1
  Use: Potion            |       |       |     2 ||     2
  Eat: Chunk             |     2 |     1 |     5 ||     8
       Ration            |     1 |     1 |     4 ||     6
Armor: Scale mail        |    48 |    34 |     5 ||    87
       Chain mail        |       |       |   143 ||   143
Dodge: Dodged            |    31 |    28 |    64 ||   123
Block: Shield            |    49 |    27 |   145 ||   221
       Rpst.: Long sword |     8 |     5 |    18 ||    31
